 Dungeon Crawl Stone Soup version 0.31-a0-1447-g87ca8d402b (webtiles) character file.

Game seed: 13506344543744834320

10816 Curundu the Cruncher (level 11, -7/99 HPs)
             Began as a Hill Orc Berserker on Dec 27, 2023.
             Was a High Priest of Trog.
             Killed from afar by an electric eel (12 damage)
             ... with a bolt of electricity
             ... on level 9 of the Dungeon.
             The game lasted 00:33:56 (8657 turns).

Curundu the Cruncher (Hill Orc Berserker)           Turns: 8657, Time: 00:33:57

Health: -7/99      AC: 21    Str: 25    XL:     11   Next: 68%
Magic:  11/11      EV: 13    Int:  5    God:    Trog [*****.]
Gold:   462        SH:  0    Dex: 10    Spells: 10/10 levels left

rFire   . . .        m - +4 quarterstaff (chaos)
rCold   . . .        (shield currently unavailable)
rNeg    . . .        F - +3 plate armour
rPois   .            (no helmet)
rElec   .            n - +0 cloak
rCorr   .            b - +0 pair of gloves
SInv    .            i - +0 pair of boots
Will    .....        (no amulet) Stlth
                     u - +4 ring of slaying
HPRegen 0.36/turn    w - +5 ring of evasion
MPRegen 0.12/turn

%: no passive effects
@: about to teleport
A: dopey 1
a: Renounce Religion, Berserk, Trog's Hand, Brothers in Arms


You were on level 9 of the Dungeon.
You worshipped Trog.
Trog was extremely pleased with you.
You visited 1 branch of the dungeon, and saw 9 of its levels.

You collected 462 gold pieces.

Inventory:

Hand Weapons
 m - a +4 quarterstaff of chaos (weapon)
Missiles
 p - 10 boomerangs
 s - 26 poisoned darts
 E - 4 curare-tipped darts
 I - a throwing net
Armour
 b - a +0 pair of gloves (worn)
 i - a +0 pair of boots (worn)
 n - a +0 cloak (worn)
 F - a +3 plate armour (worn)
Jewellery
 u - a +4 ring of slaying (left hand)
 w - a +5 ring of evasion (right hand)
Wands
 c - a wand of polymorph (12)
 B - a wand of acid (2) (quivered)
 H - a wand of roots (14)
Scrolls
 a - a scroll of fog {unknown}
 e - 5 scrolls of teleportation
 f - 2 scrolls of enchant weapon {unknown}
 g - a scroll of fear {unknown}
 h - a scroll of immolation {unknown}
 j - 3 scrolls of identify {unknown}
 l - 3 scrolls of silence {unknown}
 o - 3 scrolls of blinking
 q - a scroll of revelation {unknown}
 v - a scroll of brand weapon {unknown}
 y - 3 scrolls of poison
 D - a scroll of vulnerability {unknown}
 G - a scroll of amnesia {unknown}
Potions
 d - a potion of degeneration {unknown}
 k - a potion of mutation
 r - 4 potions of curing
 t - a potion of heal wounds {unknown}
 x - 2 potions of magic {unknown}
 z - a potion of enlightenment {unknown}
 A - a potion of resistance {unknown}
 J - a potion of might


   Skills:
 + Level 9.9 Fighting
 + Level 7.0 Axes
 + Level 10.8 Staves
 + Level 3.0 Throwing
 + Level 9.4 Armour
 + Level 3.5 Dodging
 + Level 2.8 Stealth
 + Level 1.7 Evocations


You had 10 spell levels left.
You didn't know any spells.
Your spell library was empty.

Dungeon Overview and Level Annotations

Branches:
Dungeon (9/15)             Temple (0/1) D:5            Lair (0/5) D:8
    Orc: D:9-12

Altars:
Cheibriados
Fedhas
Gozag
Ru
Trog
Xom
The Shining One

Shops:
D:7 [   D:9 (


Innate Abilities, Weirdness & Mutations

You are dopey. (Int -2)


Message History

You thump the orc!
You kill the orc!
Trog accepts your kill. The kobold misses you.
Things that are here:
a +0 falchion; a +0 chain mail; an orc corpse You hit the kobold.
You feel better.
The kobold is severely wounded.
You closely miss the kobold.
The kobold is severely wounded.
The kobold hits you but does no damage.
You sock the kobold!
You kill the kobold!
Trog accepts your kill.
The electric eel shoots out a bolt of lightning at you!
The bolt of electricity hits you.
Things that are here:
a +0 short sword; a +0 dagger; a kobold corpse
Found a sacrificial altar of Ru.
The electric eel shoots out a bolt of lightning at you!
The bolt of electricity misses you.
The electric eel shoots out a bolt of lightning at you!
The bolt of electricity hits you. The bolt of electricity hits you!
Found a blossoming altar of Fedhas.
Found a dagger.
The electric eel shoots out a bolt of lightning at you!
The bolt of electricity hits you!
* * * LOW HITPOINT WARNING * * *
The bolt of electricity hits you!
* * * LOW HITPOINT WARNING * * *
The electric eel shoots out a bolt of lightning at you!
The bolt of electricity misses you.
As you read the scroll of teleportation, it crumbles to dust.
You feel strangely unstable.
The electric eel shoots out a bolt of lightning at you!
The bolt of electricity hits you!
* * * LOW HITPOINT WARNING * * *
The electric eel shoots out a bolt of lightning at you!
The bolt of electricity hits you!
You die...

##### #.... #### .....
≈≈≈# #... ≈≈S ..≈##.#
#... ..######.≈##.# #...
#####.....#.≈##.# #...
#....≈≈S≈.#.≈.#.# #...
#.≈≈≈@..≈.#.≈...# ###.
#.≈_.##.≈.#.≈##.# #.
#.≈). #.≈)#.≈##†#####.
.≈.#.≈...#)≈)#)##.......
.≈ #.≈≈._#.≈.#..)..#####
. #...###.≈)#.###.#....
####....≈.#.###.#..##
..≈≈≈≈≈.#.....#..#.
≈≈......#.##..#.##.


You could see 2 electric eels.

Vanquished Creatures
  A hydra (D:8)
  2 two-headed ogres (D:9)
  3 death yaks (D:8)
  A wolf spider (D:9)
  Maurice (D:8)
  A kobold demonologist (D:9)
  A troll (D:9)
  Sigmund (D:2)
  A shadow (D:9)
  10 yaks
  A wraith (D:9)
  A wyvern (D:9)
  2 steam dragons
  3 water moccasins
  5 orc warriors
  An ice beast (D:6)
  2 ogres
  3 centaurs
  A phantom (D:7)
  5 kobold brigands
  3 bullfrogs
  A gnoll sergeant (D:9)
  4 scorpions
  5 wights (D:8)
  6 killer bees (D:9)
  2 howler monkeys
  A bombardier beetle (D:3)
  4 hounds
  A jelly (D:8)
  10 orc priests
  Crazy Yiuf (D:2)
  2 gnoll boudas
  A sleepcap (D:5)
  An iguana (D:5)
  4 orc wizards
  8 adders
  10 gnolls
  A shadow imp (D:5)
  A white imp (D:8)
  4 worms
  A dart slug (D:2)
  49 orcs
  6 ball pythons
  10 bats
  5 endoplasms
  3 giant cockroaches
  4 hobgoblins
  6 jackals (D:2)
  3 quokkas
  4 frilled lizards
  8 goblins
  23 kobolds
  5 rats
243 creatures vanquished.

Vanquished Creatures (collateral kills)
  An orc (D:3)
1 creature vanquished.

Vanquished Creatures (others)
  An orc (D:4)
  A frilled lizard zombie (D:3)
  A kobold (D:9)
3 creatures vanquished.

Grand Total: 247 creatures vanquished

Notes
Turn   | Place    | Note
-------+----------+-------------------------------------------
     0 | D:1      | Curundu the Hill Orc Berserker began the quest for the Orb.
     0 | D:1      | Reached XP level 1. HP: 19/19 MP: 1/1
   199 | D:1      | Reached XP level 2. HP: 24/27 MP: 2/2
   837 | D:2      | Found a runed translucent door.
   838 | D:2      | Noticed Crazy Yiuf
   861 | D:2      | Reached XP level 3. HP: 27/33 MP: 3/3
  1054 | D:2      | Noticed Sigmund
  1083 | D:2      | Killed Sigmund
  1084 | D:2      | Reached XP level 4. HP: 23/41 MP: 4/4
  1084 | D:2      | Reached XP level 5. HP: 26/47 MP: 5/5
  1331 | D:2      | Reached ** piety under Trog
  1332 | D:2      | Reached XP level 6. HP: 52/53 MP: 6/6
  1608 | D:2      | Killed Crazy Yiuf
  1933 | D:3      | Reached skill level 1 in Staves
  3209 | D:4      | Reached skill level 2 in Staves
  3251 | D:4      | Reached XP level 7. HP: 51/60 MP: 7/7
  3298 | D:4      | Reached *** piety under Trog
  3749 | D:4      | Found a glowing golden altar of the Shining One.
  3899 | D:4      | Reached skill level 5 in Fighting
  3899 | D:4      | Reached skill level 3 in Staves
  3987 | D:5      | Entered Level 5 of the Dungeon
  4172 | D:5      | Reached skill level 4 in Staves
  4372 | D:5      | Reached XP level 8. HP: 61/68 MP: 8/8
  4525 | D:5      | You fall into a shaft and drop 1 floor!
  4724 | D:5      | Reached skill level 1 in Stealth
  4790 | D:5      | Found a staircase to the Ecumenical Temple.
  4809 | D:5      | Found a shimmering altar of Xom.
  5329 | D:6      | Reached skill level 5 in Staves
  5329 | D:6      | Reached skill level 5 in Armour
  5695 | D:7      | Reached XP level 9. HP: 75/75 MP: 9/9
  5722 | D:7      | Reached skill level 6 in Staves
  5722 | D:7      | Reached skill level 1 in Throwing
  5722 | D:7      | Reached **** piety under Trog
  5897 | D:7      | Found Guivacee's Armour Shop.
  6031 | D:7      | Found a bloodstained altar of Trog.
  6154 | D:8      | Reached skill level 7 in Staves
  6160 | D:8      | Gained mutation: You are dopey. (Int -2) [potion of
                  | mutation]
  6414 | D:8      | Noticed Maurice
  6432 | D:8      | Something stole 5 boomerangs
  6434 | D:8      | Something stole 349 gold
  6438 | D:8      | Killed Maurice
  6439 | D:8      | Reached skill level 8 in Staves
  6439 | D:8      | Reached XP level 10. HP: 40/86 MP: 6/10
  6576 | D:8      | Noticed a six-headed hydra
  6588 | D:8      | Killed a six-headed hydra
  6750 | D:8      | Found a staircase to the Lair.
  6750 | D:8      | Noticed a death yak
  6767 | D:8      | Killed a death yak
  6928 | D:8      | Noticed a death yak
  6928 | D:8      | Noticed a death yak
  6948 | D:8      | Killed a death yak
  6949 | D:8      | Reached skill level 9 in Staves
  6953 | D:8      | Killed a death yak
  6954 | D:8      | Reached skill level 1 in Evocations
  6964 | D:8      | Reached XP level 11. HP: 23/95 MP: 11/11
  7315 | D:8      | Found an opulent altar of Gozag.
  7361 | D:8      | Found a snail-covered altar of Cheibriados.
  7599 | D:9      | Noticed a +0 demon blade
  7599 | D:9      | Noticed a +0 rapier
  7599 | D:9      | Found Ciudarhi's Weapon Shoppe.
  8021 | D:9      | Reached skill level 10 in Staves
  8080 | D:9      | Noticed a two-headed ogre
  8091 | D:9      | Killed a two-headed ogre
  8097 | D:9      | Reached ***** piety under Trog
  8290 | D:9      | Noticed a two-headed ogre
  8299 | D:9      | a two-headed ogre changed into a wolf spider
  8299 | D:9      | Noticed a wolf spider
  8300 | D:9      | Killed a wolf spider
  8631 | D:9      | Noticed a two-headed ogre
  8636 | D:9      | Killed a two-headed ogre
  8652 | D:9      | Found a sacrificial altar of Ru.
  8654 | D:9      | Found a blossoming altar of Fedhas.
  8657 | D:9      | Killed from afar by an electric eel

Illustrated notes

Levels and vault maps discovered:
D:1:      lightli_arrival_windingriver, layout_loops_ring
D:2:      layout_rooms, minmay_quantized, uniq_sigmund, uniq_crazy_yiuf_cottage
D:3:      layout_basic, chequers_decorated_corner, dk_noncrumbling_3,
          chequers_mini_garden, kennysheep_big_empty_room
D:4:      layout_basic, kennysheep_mini_moat
D:5:      layout_cave_pools, mainiacjoe_overflow_alcove_1,
          minmay_temple_entry_glassed_door
D:6:      layout_loops_cross
D:7:      layout_rooms, general_overflow_altar, serial_shops,
          nicolae_shop_tiny_statue_garden
D:8:      kennysheep_big_flooded_room, layout_cave_pools,
          cheibrodos_worm_habitat, mainiacjoe_overflow_surrounded_room,
          dpeg_lair_monsters, minmay_stone_trees_small, uniq_maurice
D:9:      minmay_the_grid_square_5x5_4x4
          [minmay_the_grid_square_5x5_three_walls,
          minmay_the_grid_square_5x5_checkered,
          minmay_the_grid_square_5x5_inner_i,
          minmay_the_grid_square_5x5_inner_z, minmay_the_grid_square_5x5_z,
          minmay_the_grid_square_5x5_prize_open,
          minmay_the_grid_square_5x5_prize_pseudospiral,
          minmay_the_grid_square_5x5_hollow_slash,
          minmay_the_grid_square_5x5_corner,
          minmay_the_grid_square_5x5_prize_monsterx,
          minmay_the_grid_square_5x5_prize_junk, minmay_the_grid_square_5x5_n,
          minmay_the_grid_square_5x5_longway, minmay_the_grid_square_5x5_eight,
          minmay_the_grid_square_5x5_shuriken, minmay_the_grid_square_5x5_two],
          layout_loops_cross, nicolae_overflow_squiral, serial_shops,
          nicolae_shop_mannequins

Skill      XL: |  1  2  3  4  5  6  7  8  9 10 11 |
---------------+----------------------------------+-----
Fighting       | 4 5 6 7 8 9 |  9.9
Axes           | 6 7 |  7.0
Armour         | 3 4 5 6 8 9 |  9.4
Dodging        | 2 3 |  3.5
Staves         | 2 4 5 8 9 10 | 10.8
Stealth        | 1 2 |  2.8
Throwing       | 2 3 |  3.0
Evocations     | 1 |  1.7

Action                     |  1- 3 |  4- 6 |  7- 9 | 10-12 || total
---------------------------+-------+-------+-------+-------++-------
  Melee: Hand axe          |   106 |    62 |       |       ||   168
         Quarterstaff      |       |    79 |   238 |   224 ||   541
         Unarmed           |       |     3 |       |       ||     3
  Throw: Boomerang         |       |       |    21 |       ||    21
 Invoke: Trog's Hand       |       |     1 |     2 |     2 ||     5
  Evoke: Wand              |       |       |       |     7 ||     7
    Use: Potion            |       |     1 |     2 |       ||     3
         Scroll            |       |       |       |     7 ||     7
   Stab: Paralysed         |       |       |     1 |     5 ||     6
         Confused          |       |       |       |     1 ||     1
 Armour: Animal skin       |    17 |       |       |       ||    17
         Scale mail        |    58 |    92 |   144 |       ||   294
         Skin              |       |     1 |       |       ||     1
         Plate armour      |       |       |    56 |   176 ||   232
  Dodge: Dodged            |    61 |    80 |   138 |   153 ||   432

Table legend: (Time is in decaauts)
 A = Elapsed time spent in this place.
 B = Non-inter-level travel time spent in this place.
 C = Inter-level travel time spent in this place.
 D = Time resting spent in this place.
 E = Time spent auto-exploring this place.
 F = Levels seen in this place.
 G = Mean time per level.
                   A        B        C        D        E       F      G
               +--------+--------+--------+--------+--------+-----+--------+
         Total |   8668 |   8668 |      0 |   1321 |   5226 |   9 |  963.1 |
       Dungeon |   8668 |   8668 |      0 |   1321 |   5226 |   9 |  963.1 |
               +--------+--------+--------+--------+--------+-----+--------+

Top non-repeatable levels by time:
     D:8: 1468 daAuts
     D:3: 1293 daAuts
     D:9: 1023 daAuts
     D:4: 1014 daAuts
     D:5: 913 daAuts
     D:2: 909 daAuts
     D:1: 805 daAuts
     D:6: 742 daAuts
     D:7: 498 daAuts
